 Dungeon Crawl Stone Soup version 0.30.1-4-g462c640d31 (webtiles) character file.

Game seed: 7803328357973487772

61 HagarQim the Chiller (level 3, 0/19 HPs)
             Began as a Deep Elf Ice Elementalist on Aug 29, 2023.
             Slain by a black bear (2 damage)
             ... on level 2 of the Dungeon.
             The game lasted 00:07:49 (1767 turns).

HagarQim the Chiller (Deep Elf Ice Elementalist)    Turns: 1767, Time: 00:07:51

Health: 0/19       AC:  9    Str:  5    XL:     3   Next: 83%
Magic:  7/10       EV: 12    Int: 21    God:
Gold:   87         SH:  0    Dex: 15    Spells: 3/10 levels left

rFire   . . .        k - +4 dagger
rCold   + . .        (no shield)
rNeg    . . .        a - +0 robe
rPois   .            (no helmet)
rElec   .            (no cloak)
rCorr   .            (no gloves)
SInv    .            (no boots)
Will    .....        (no amulet)
Stlth   ++           n - ring of protection from cold
HPRegen 0.23/turn    (no ring)
MPRegen 0.12/turn

%: no passive effects
@: ice-armoured, freezing walls
A: no striking features
a: no special abilities


You were on level 2 of the Dungeon.
You visited 1 branch of the dungeon, and saw 2 of its levels.

You collected 87 gold pieces.

Inventory:

Hand Weapons
 k - a +4 dagger (weapon)
Armour
 a - a +0 robe (worn)
Magical Staves
 j - a staff of fire
Jewellery
 n - a ring of protection from cold (left hand)
Scrolls
 c - a scroll of enchant armour {unknown}
 d - a scroll of noise {unknown}
 e - a scroll of teleportation {unknown}
 f - 4 scrolls of identify {unknown}
 i - a scroll of amnesia {unknown}
 l - a scroll of fear {unknown}
 m - a scroll of blinking {unknown}
Potions
 g - a potion of might {unknown}
 h - a potion of lignification {unknown}


   Skills:
 + Level 2.5 Dodging
 + Level 2.7 Stealth
 + Level 4.1 Spellcasting
 + Level 5.3 Ice Magic


You had 3 spell levels left.
You knew the following spells:

 Your Spells              Type           Power      Damage    Failure   Level
a - Freeze                Ice            100%       1d10      1%          1
b - Frozen Ramparts       Ice            52%        1d8       4%          3
c - Ozocubu's Armour      Ice            26%        N/A       4%          3

Your spell library contained the following spells:

 Spells                   Type           Power      Damage    Failure   Level
 Sting                    Tmut/Pois      16%        1d3       12%         1
 Lesser Beckoning         Tloc           8%         N/A       19%         2
 Poisonous Vapours        Pois/Air       8%         N/A       19%         2
 Gell's Gravitas          Tloc           4%         N/A       34%         3
 Teleport Other           Tloc           4%         N/A       34%         3
 Summon Ice Beast         Ice/Summ       15%        N/A       36%         4
 Olgreb's Toxic Radiance  Pois           4%         N/A       75%         4


Dungeon Overview and Level Annotations

Branches:
Dungeon (2/15)

Altars:


Message History

The spell is quite dangerous to miscast (4% risk of failure)!
Continue anyway?
A film of ice covers your body!
A ball python comes into view.
The ball python hisses angrily.
The wall freezes the black bear.
You hit the black bear.
The black bear is lightly wounded.
The wall freezes the black bear.
The black bear bites you but does no damage.
The black bear barely misses you.
The black bear claws you but does no damage.
You hit the black bear.
The black bear is moderately wounded.
The wall freezes the black bear.
The black bear closely misses you. x2
The black bear claws you.
Your magical contamination has completely faded away.
You hit the black bear.
The black bear is severely wounded.
The frozen ramparts melt away.
The black bear bites you. The black bear claws you. x2
Casting: Ozocubu's Armour (quite dangerous; 4% risk of failure)
Confirm with . or Enter, or press ? or * to list all spells.
Okay, then.
Casting: Ozocubu's Armour (quite dangerous; 4% risk of failure)
Confirm with . or Enter, or press ? or * to list all spells.
You don't have enough magic to cast this spell.
Magic courses through your body. The black bear bites you!
* * * LOW HITPOINT WARNING * * *
The black bear claws you but does no damage. x2
Casting: Ozocubu's Armour (quite dangerous; 4% risk of failure)
Confirm with . or Enter, or press ? or * to list all spells.
The spell is quite dangerous to miscast (4% risk of failure)!
Continue anyway?
Casting: Frozen Ramparts (quite dangerous; 4% risk of failure)
Press: ? - help, Dir - look around, f - activate The walls around you are covered in ice.
The wall freezes the ball python!
You kill the ball python!
The wall freezes the black bear but does no damage.
The black bear bites you.
You die...

#.......#############..#......
#..........)..# #..######.
########......# #.........
#......# #..######. #......#
##.. #. #......# #.# #.
#......# ## ##+#.#.# #.#.#@#
#.#+#h## ###....†.#
>........## .$.#......# ..
#......# #......# #......#
##...#.#


You could see a black bear.

Vanquished Creatures
  A worm (D:2)
  3 dart slugs (D:1)
  3 bats (D:1)
  5 endoplasms
  2 giant cockroaches (D:1)
  6 goblins
  5 hobgoblins
  3 jackals (D:1)
  8 kobolds
  2 quokkas (D:1)
  3 ball pythons
  3 frilled lizards
  3 rats (D:1)
47 creatures vanquished.

Notes
Turn   | Place    | Note
-------+----------+-------------------------------------------
     0 | D:1      | HagarQim the Deep Elf Ice Elementalist began the quest for
                  | the Orb.
     0 | D:1      | Reached XP level 1. HP: 10/10 MP: 6/6
   114 | D:1      | Reached XP level 2. HP: 5/15 MP: 1/8
   404 | D:1      | Reached skill level 5 in Ice Magic
   647 | D:1      | Reached XP level 3. HP: 17/19 MP: 7/10
  1515 | D:2      | Learned a level 3 spell: Frozen Ramparts
  1519 | D:2      | Learned a level 3 spell: Ozocubu's Armour
  1751 | D:2      | Noticed a black bear
  1767 | D:2      | Slain by a black bear

Illustrated notes

Levels and vault maps discovered:
D:1:      dpeg_cavernosity, layout_basic, serial_forest,
          infiniplex_forest_clump_curved, infiniplex_forest_corner_1,
          infiniplex_forest_corner_1, infiniplex_forest_lined_room_2,
          infiniplex_forest_lined_room_2, infiniplex_forest_join,
          infiniplex_forest_lined_corner, infiniplex_forest_straight_2,
          minmay_misc_feat_enclosed, hangedman_decor_opposing, st_stairs_9,
          grunt_decor_clamped, minmay_misc_feat_five
D:2:      layout_basic

Skill      XL: |  1  2  3 |
---------------+----------+-----
Ice Magic      | 5 |  5.3
Spellcasting   | 4 |  4.1
Dodging        | |  2.5
Stealth        | |  2.7

Action                     || total
---------------------------++-------
  Melee: Unarmed           ||    16
         Dagger            ||     3
   Cast: Freeze            ||    56
         Frozen Ramparts   ||     5
         Ozocubu's Armour  ||     2
    Use: Potion            ||     1
 Armour: Robe              ||    13
  Dodge: Dodged            ||    30
